 Dungeon Crawl Stone Soup version 0.26.1-11-gd32895ea62 (webtiles) character file.

Game seed: 18391136967411605219

148 Almogavar the Conjurer (level 5, -2/28 HPs)
             Began as a Deep Elf Conjurer on May 7, 2021.
             Killed from afar by an orc wizard (9 damage)
             ... with a puff of flame
             ... on level 3 of the Dungeon.
             The game lasted 00:07:42 (2394 turns).

Almogavar the Conjurer (Deep Elf Conjurer)          Turns: 2394, Time: 00:07:43

Health: -2/28      AC:  4    Str:  4    XL:     5   Next: 8%
Magic:  2/12       EV: 12    Int: 24    God:
Gold:   153        SH:  0    Dex: 13    Spells: 8/11 levels left

rFire    . . .     SeeInvis .   g - +2 dagger (pain)
rCold    . . .     Faith    .   (no shield)
rNeg     . . .     Spirit   .   d - +0 leather armour
rPois    .         Reflect  .   i - +0 helmet
rElec    .         Harm     .   (no cloak)
rCorr    .         Rampage  .   (no gloves)
Will     .....                  (no boots)
Stlth    ++........             (no amulet)
HPRegen  0.09/turn              (no ring)
MPRegen  0.13/turn              (no ring)

@: slowed, very slow
A: no striking features
a: no special abilities


You were on level 3 of the Dungeon.
You visited 1 branch of the dungeon, and saw 3 of its levels.

You collected 153 gold pieces.

Inventory:

Hand Weapons
 g - a +2 dagger of pain (weapon)
Armour
 d - a +0 leather armour (worn)
 i - a +0 helmet (worn)
Scrolls
 b - 2 scrolls of enchant armour {unknown}
 c - a scroll of fog
 e - a scroll of blinking
 j - 2 scrolls of remove curse
 k - a scroll of magic mapping
 l - a scroll of random uselessness {unknown}
Potions
 f - a potion of might
 h - 2 potions of curing


   Skills:
 + Level 2.8 Dodging
 + Level 3.0 Stealth
 + Level 3.9 Spellcasting
 + Level 6.3 Conjurations


You had 8 spell levels left.
You knew the following spells:

 Your Spells              Type           Power        Failure   Level
a - Magic Dart            Conj           100%         1%          1
b - Searing Ray           Conj           70%          1%          2

Your spell library contained the following spells:

 Spells                   Type           Power        Failure   Level
 Dazzling Flash           Conj/Hex       40%          14%         3
 Fulminant Prism          Conj/Hex       10%          43%         4
 Iskenderun's Mystic Bla  Conj/Tloc      20%          43%         4


Dungeon Overview and Level Annotations

Branches:
Dungeon (3/15)

Altars:
The Shining One


Message History

Press: ? - help, Shift-Dir - straight line, f - orc wizard, p - orc wizard
Aim: an orc wizard, wielding a +0 dagger and wearing a +0 robe (24% to evade)
The searing ray misses the orc wizard. (Press . to maintain the ray.)
The orc wizard casts a spell.
The orc wizard seems to speed up.
The orc wizard barely misses you.
The orc wizard hits you with a +0 dagger.
You hear some strange, mumbled words.
A puff of frost appears from out of thin air!
The puff of frost hits you!
The orc wizard points at you and mumbles some strange words.
The magic dart hits you.
* * * LOW HITPOINT WARNING * * *
You hear some strange, mumbled words.
Blink to where?
Press: ? - help, Dir - move target, p - orc wizard
As you read the scroll of blinking, it crumbles to dust.
A puff of flame appears from out of thin air!
The puff of flame hits you!
You die...

#.#.......# # #.#.....#.## # #
#####.#..# # #.#.#.# # #..###.# #
# #.$ ...# #.## #. #.# ..### ###
#. #.#########..# <#.###.
...#...{..@.....# #...... ###
..#.o########.... .####. ..#
..... ### #.# # ## #.# ##.#.#
##.## #.### # #)#
#.#.###.#.###... # #.#
#.#.##.###.##.############
#.#####.....## ##...)).(((......
##.......o....###.##.############
.......{.<..##.#.###.#


You could see an orc wizard (fast).

Vanquished Creatures
  An orc wizard (D:3)
  An orc priest (D:3)
  A gnoll (D:2)
  3 adders (D:2)
  A worm (D:2)
  A dart slug (D:1)
  A leopard gecko (D:2)
  2 orcs (D:3)
  3 bats
  3 giant cockroaches
  2 goblins (D:1)
  6 hobgoblins
  4 jackals (D:2)
  A quokka (D:2)
  A frilled lizard (D:2)
  8 kobolds
  7 rats
46 creatures vanquished.

Notes
Turn   | Place    | Note
-------+----------+-------------------------------------------
     0 | D:1      | Almogavar the Deep Elf Conjurer began the quest for the
                  | Orb.
     0 | D:1      | Reached XP level 1. HP: 10/10 MP: 6/6
   371 | D:1      | Reached XP level 2. HP: 15/15 MP: 5/8
   809 | D:2      | Reached skill level 5 in Conjurations
   845 | D:2      | Learned a level 2 spell: Searing Ray
   917 | D:2      | Reached XP level 3. HP: 19/19 MP: 6/9
  1663 | D:2      | Found a glowing golden altar of the Shining One.
  1820 | D:2      | Reached XP level 4. HP: 18/24 MP: 8/11
  2221 | D:3      | Reached skill level 6 in Conjurations
  2377 | D:3      | Reached XP level 5. HP: 28/28 MP: 7/12
  2394 | D:3      | Killed from afar by an orc wizard

Illustrated notes

Levels and vault maps discovered:
D:1:      moated_graveyard_arrival, layout_rooms, ebering_dispersal_statue_hall
D:2:      layout_basic, general_overflow_altar, minmay_misc_feat_tower
D:3:      layout_loops_ring, minivault_26, uniq_terence

Skill      XL: |  1  2  3  4 |
---------------+-------------+-----
Conjurations   | 5 6 |  6.3
Stealth        | 3 |  3.0
Dodging        | |  2.8
Spellcasting   | |  3.9

Action                   |  1- 3 |  4- 6 || total
-------------------------+-------+-------++-------
Melee: Dagger            |       |     1 ||     1
 Cast: Magic Dart        |    60 |    12 ||    72
       Searing Ray       |     3 |     8 ||    11
  Use: Scroll            |     4 |     4 ||     8
Armor: Robe              |     1 |       ||     1
Dodge: Dodged            |     1 |     4 ||     5
